 Dungeon Crawl Stone Soup version 0.31.0-9-g3a7656b989 (webtiles) character file.

Game seed: 13579420847319140514

106 Kass the Ruffian (level 4, -6/35 HPs)
             Began as a Demonspawn Shapeshifter on Jan 30, 2024.
             Was a Priest of Cheibriados.
             Killed by nerve-wracking pain
             ... invoked by Grinder
              (9 damage)
             ... while paralysed by Grinder
             ... on level 3 of the Dungeon.
             The game lasted 00:04:51 (1786 turns).

Kass the Ruffian (Demonspawn Shapeshifter)          Turns: 1786, Time: 00:04:51

Health: -6/35      AC:  3    Str: 21    XL:     4   Next: 55%
Magic:  3/4        EV:  2    Int: 18    God:    Cheibriados [***...]
Gold:   84         SH:  0    Dex: 18    Spells: 2/3 levels left

rFire   . .          .
                       - Unarmed
rCold   . . .        (no shield)
rNeg    . . .        a - +0 animal skin
rPois   .            (helmet currently unavailable)
rElec   .            (cloak currently unavailable)
rCorr   .            (gloves currently unavailable)
SInv    .            (boots currently unavailable)
Will    .....        (no amulet)
Stlth   ++           (no ring)
HPRegen 0.25/turn    (no ring)
MPRegen 0.09/turn

%: no passive effects
@: paralysed, beast-form, very slow
A: beast (slay +1), rugged brown scales 1, condensation shield, demonic touch 1
a: Begin Untransformation, Renounce Religion, Bend Time, Temporal Distortion


You were on level 3 of the Dungeon.
You worshipped Cheibriados.
Cheibriados was most pleased with you.
You were a hulking beast.
You visited 1 branch of the dungeon, and saw 3 of its levels.

You collected 84 gold pieces.

Inventory:

Missiles
 h - 10 javelins (quivered)
 i - 4 atropa-tipped darts
Armour
 a - a +0 animal skin (worn)
Jewellery
 e - a ring of magical power
 r - a ring of poison resistance
Talismans
 c - a beast talisman
 d - a flux talisman
Scrolls
 f - a scroll of torment {unknown}
 g - a scroll of teleportation {unknown}
 j - a scroll of vulnerability {unknown}
 k - a scroll of acquirement {unknown}
 l - 2 scrolls of identify {unknown}
 m - a scroll of noise {unknown}
 n - a scroll of amnesia {unknown}
 p - a scroll of immolation {unknown}
 q - a scroll of enchant weapon {unknown}
Potions
 b - a potion of lignification
 o - a potion of mutation {unknown}


   Skills:
 + Level 2.3 Fighting
 + Level 2.6 Dodging
 + Level 3.3 Unarmed Combat
 + Level 3.2 Shapeshifting


You had 2 spell levels left.
You knew the following spells:

 Your Spells              Type           Power      Damage    Failure   Level
a - Summon Small Mammal   Summ           0%         N/A       22%         1

Your spell library contained the following spells:

 Spells                   Type           Power      Damage    Failure   Level
 Call Canine Familiar     Summ           0%         N/A       54%         3
 Stone Arrow              Conj/Erth      0%         3d7       54%         3
 Animate Armour           Summ/Erth      0%         N/A       91%         4
 Summon Blazeheart Golem  Fire/Summ      0%         N/A       91%         4
 Lehudib's Crystal Spear  Conj/Erth      0%         10d2      100%        8


Dungeon Overview and Level Annotations

Branches:
Dungeon (3/15)

Altars:
Cheibriados
Trog

Annotations:
D:2 Sigmund
D:3 Grinder


Innate Abilities, Weirdness & Mutations

You are a hulking beast.
Your limbs bulge with bestial killing power. (Slay +1)
You are partially covered in rugged brown scales. (AC +1, +3% HP)
A meltable shield of frost defends you. (SH +4)
Your touch may inflict minor irresistible damage on your foes.


Message History

Found 7 stones.
You see here the felid corpse of Natasha.
A kobold comes into view. It is wielding a +0 whip.
Grinder comes into view.
Found 3 boomerangs and 12 gold pieces.
Found a stone staircase leading down.
Grinder shouts!
Found 2 stones.
The kobold throws a stone.
You block the stone. Grinder gestures at you.
You suddenly lose the ability to move!
The kobold hits you with a +0 whip. x2
Grinder blinks!
The kobold hits you with a +0 whip.
You can move again.
You closely miss the kobold. Your touch misses the kobold.
The kobold hits you with a +0 whip.
You hit the kobold.
You kill the kobold!
Cheibriados appreciates the change of pace.
Casting: Summon Small Mammal (safe; 22% risk of failure)
Confirm with . or Enter, or press ? or * to list all spells.
Found the Hermit's Pendant {Faith Invo=14 Evo=0 MP+5}.
Your rat bites Grinder.
Grinder hits your rat.
Your rat writhes in agony.
Your rat dies!
Your rat's corpse disappears in a puff of smoke!
Things that are here:
a +0 whip; 2 stones; a kobold corpse Grinder hits you.
You closely miss Grinder. Grinder gestures at you.
You suddenly lose the ability to move!
Grinder hits you.
You writhe in agony.
Grinder hits you!
* * * LOW HITPOINT WARNING * * *
You writhe in agony.
* * * LOW HITPOINT WARNING * * *
Grinder hits you but does no damage. Grinder gestures at you.
Pain shoots through your body!
You die...
Grinder says, "Hey, I wasn't done torturing you yet!"

#.###.....#####.###.#
#..#..#.........#
#..#..#.###.#####
#.###.......###.#
#...............#
######.########## #.#
##)###### #.h.....#
#.5(..."# #.......#
......(.# ##...>$..#
........# #.........
#..####.##


You could see Grinder.

Vanquished Creatures
  Natasha (D:3)
  Robin (D:2)
  2 dart slugs
  2 ball pythons (D:1)
  7 endoplasms
  12 goblins
  8 hobgoblins
  4 jackals (D:1)
  8 kobolds
  3 quokkas
  4 bats
  3 frilled lizards
  5 rats
60 creatures vanquished.

Notes
Turn   | Place    | Note
-------+----------+-------------------------------------------
     0 | D:1      | Kass the Demonspawn Shapeshifter began the quest for the
                  | Orb.
     0 | D:1      | Reached XP level 1. HP: 15/15 MP: 1/1
   179 | D:1      | Gained mutation: Your touch may inflict minor irresistible
                  | damage on your foes. [demonic ancestry]
   179 | D:1      | Reached XP level 2. HP: 21/21 MP: 2/2
   264 | D:1      | Found a faded altar of an unknown god.
   333 | D:1      | Prayed at the altar of an unknown god.
   333 | D:1      | Became a worshipper of Cheibriados the Contemplative
   333 | D:1      | Reached * piety under Cheibriados
   635 | D:1      | Gained mutation: A meltable shield of frost defends you.
                  | (SH +4) [demonic ancestry]
   635 | D:1      | Reached XP level 3. HP: 24/26 MP: 3/3
  1007 | D:2      | Reached ** piety under Cheibriados
  1051 | D:2      | Noticed Robin
  1072 | D:2      | Killed Robin
  1199 | D:2      | Gained mutation: You are partially covered in rugged brown
                  | scales. (AC +1, +3% HP) [demonic ancestry]
  1199 | D:2      | Reached XP level 4. HP: 27/33 MP: 4/4
  1199 | D:2      | Found a bloodstained altar of Trog.
  1254 | D:2      | Noticed Sigmund
  1583 | D:2      | Learned a level 1 spell: Summon Small Mammal
  1691 | D:3      | Noticed Natasha
  1700 | D:3      | Killed Natasha
  1700 | D:3      | Reached *** piety under Cheibriados
  1771 | D:3      | Noticed Grinder
  1772 | D:3      | Paralysed by Grinder for 5 turns
  1780 | D:3      | Found the Hermit's Pendant {Faith Invo=14 Evo=0 MP+5}
  1782 | D:3      | Paralysed by Grinder for 5 turns
  1786 | D:3      | Killed from afar by Grinder

Illustrated notes

Levels and vault maps discovered:
D:1:      ebering_trefoil_3fold, layout_loops_ring,
          shapermc_ecumenical_altar_starsandcircs, chequers_avenue
D:2:      layout_rooms, basic_altar, kennysheep_generic_room_3, uniq_sigmund,
          uniq_robin
D:3:      layout_loops_corners, minitemple, uniq_grinder, uniq_natasha

Skill      XL: |  1  2  3 |
---------------+----------+-----
Dodging        | 2 |  2.6
Unarmed Combat | 3 |  3.3
Shapeshifting  | 3 |  3.2
Fighting       | 2 |  2.3

Action                     |  1- 3 |  4- 6 || total
---------------------------+-------+-------++-------
  Melee: Unarmed           |   119 |    27 ||   146
         Punch             |     2 |     1 ||     3
         Touch             |    10 |     4 ||    14
  Throw: Javelin           |     1 |     4 ||     5
   Cast: Summon Small Mamm |       |     2 ||     2
   Stab: Sleeping          |     5 |       ||     5
 Armour: Animal skin       |    46 |    23 ||    69
  Dodge: Dodged            |    58 |    20 ||    78
  Block: Other             |     8 |     7 ||    15
